 Dungeon Crawl Stone Soup version 0.30-a0-972-gf3ab3527aa (webtiles) character file.

Game seed: 1822287728360293418

81776 Mesmaeker13 the Martial Artist (level 15, -3/134 HPs)
             Began as an Octopode Transmuter on Mar 31, 2023.
             Was the Champion of Wu Jian.
             Slain by a meliai
             ... wielding a +2 hand axe of freezing
              (9 damage)
             ... on level 15 of the Dungeon.
             The game lasted 00:44:40 (20237 turns).

Mesmaeker13 the Martial Artist (OpTm)              Turns: 20237, Time: 00:44:41

Health: -3/134     AC: 16    Str: 12    XL:     15   Next: 71%
Magic:  18/22      EV: 15    Int: 27    God:    Wu Jian [******]
Gold:   790        SH:  0    Dex: 13    Spells: 12/24 levels left

rFire   . . .      SeeInvis +      - Unarmed
rCold   + + +      Faith    .    (shield currently unavailable)
rNeg    . . .      Spirit   .    (helmet currently unavailable)
rPois   +          Reflect  .    E - amulet of regeneration
rElec   .          Rampage  .    b - +4 ring of protection
rCorr   +                        t - ring "Waikiki" {rPois rC+ Str-2 SInv}
Will    ++...                    C - +5 ring of evasion
Stlth   +                        d - ring of resist corrosion
HPRegen 1.22/turn                k - ring "Komuj" {Fire rPois Will+ Str+3}
MPRegen 0.18/turn                s - +6 ring of intelligence
                                 (no ring)
                                 (no ring)

@: about to teleport, ice-form
A: freezing attack, boosted hp, almost no armour, amphibious, 8 rings, large,
(camouflage 1), (gelatinous body 1), (nimble swimmer 1), (tentacles)
a: End Transformation, Renounce Religion, Wall Jump, Serpent's Lash, Heavenly
Storm


You were on level 15 of the Dungeon.
You worshipped Wu Jian.
Wu Jian was exalted by your worship.
You were a creature of crystalline ice.
You visited 3 branches of the dungeon, and saw 21 of its levels.

You collected 1360 gold pieces.
You spent 570 gold pieces at shops.

Inventory:

Missiles
 M - 7 curare-tipped darts (quivered)
Armour
 B - the +5 kite shield "Emnynuaph" {rElec Dex+2}
   (You found it on level 14 of the Dungeon)

   Dex:       It affects your dexterity (+2).
   rElec:     It insulates you from electricity.
Jewellery
 b - a +4 ring of protection (left front paw)
 d - a ring of resist corrosion (on tentacle)
 k - the ring "Komuj" (on tentacle) {Fire rPois Will+ Str+3}
   (You acquired it on level 5 of the Lair of Beasts)

   [ring of fire]

   It enhances your fire magic.
   Str:       It affects your strength (+3).
   rF:        It protects you from fire.
   rC:        It makes you vulnerable to cold.
   rPois:     It protects you from poison.
   Will:      It increases your willpower.
 s - a +6 ring of intelligence (on tentacle)
 t - the ring "Waikiki" (right front paw) {rPois rC+ Str-2 SInv}
   (You found it on level 5 of the Dungeon)

   [ring of protection from cold]

   Str:       It affects your strength (-2).
   rC:        It protects you from cold.
   rPois:     It protects you from poison.
   SInv:      It lets you see invisible.
 x - a ring of flight
 C - a +5 ring of evasion (on tentacle)
 E - an amulet of regeneration (around neck)
Wands
 G - a wand of roots (13)
Scrolls
 c - 3 scrolls of poison
 e - 8 scrolls of teleportation
 i - 2 scrolls of fear
 l - 8 scrolls of noise
 m - 3 scrolls of blinking
 q - a scroll of amnesia
 r - 2 scrolls of magic mapping
 y - a scroll of enchant armour
 z - 4 scrolls of identify
 A - 5 scrolls of immolation
 F - a scroll of vulnerability
 H - 5 scrolls of fog
Potions
 a - 7 potions of lignification
 f - 3 potions of ambrosia
 g - 2 potions of might {unknown}
 j - 2 potions of magic {unknown}
 n - 6 potions of curing
 o - a potion of mutation {unknown}
 p - 4 potions of heal wounds {unknown}
 u - 3 potions of resistance {unknown}
 v - 7 potions of brilliance {unknown}
 w - 6 potions of flight {unknown}
 I - a potion of berserk rage {unknown}
 J - 3 potions of attraction {unknown}
 N - a potion of cancellation
Miscellaneous
 h - a tin of tremorstones (inert)


   Skills:
 + Level 13.7 Fighting
 - Level 2.0 Dodging
 + Level 14.0 Unarmed Combat
 + Level 5.3 Spellcasting
 + Level 8.7 Summonings
 + Level 13.9 Transmutations
 - Level 10.6 Ice Magic


You had 12 spell levels left.
You knew the following spells:

 Your Spells              Type           Power      Damage    Failure   Level
a - Summon Guardian Gole  Hex/Summ       30%        N/A       3%          3
b - Wereblood             Tmut           70%        N/A       1%          2
c - Ice Form              Ice/Tmut       65%        N/A       1%          4
d - Frozen Ramparts       Ice            100%       1d16      1%          3

Your spell library contained the following spells:

 Spells                   Type           Power      Damage    Failure   Level
 Beastly Appendage        Tmut           100%       N/A       1%          1
 Freeze                   Ice            100%       1d10      1%          1
 Summon Small Mammal      Summ           100%       N/A       1%          1
 Spider Form              Tmut/Pois      44%        N/A       1%          3
 Summon Ice Beast         Ice/Summ       56%        N/A       1%          4
 Hailstorm                Conj/Ice       35%        3d9       2%          3
 Petrify                  Tmut/Erth      44%        N/A       4%          4
 Kiss of Death            Conj/Necr      28%        2d7       7%          1
 Slow                     Hex            28%        N/A       7%          1
 Cigotuvi's Dreadful Rot  Necr/Pois/Air  14%        N/A       11%         2
 Lesser Beckoning         Tloc           14%        N/A       11%         2
 Scorch                   Fire           20%        2d6       11%         2
 Static Discharge         Conj/Air       14%        2-3/arc   11%         2
 Irradiate                Conj/Tmut      22%        3d19      11%         5
 Summon Lightning Spire   Summ/Air       30%        N/A       12%         4
 Dragon Form              Tmut           35%        N/A       19%         7
 Confusing Touch          Hex            7%         N/A       22%         3
 Gell's Gravitas          Tloc           7%         N/A       22%         3
 Teleport Other           Tloc           7%         N/A       22%         3
 Vampiric Draining        Necr           7%         2d6       22%         3
 Vhi's Electric Charge    Tloc/Air       14%        N/A       22%         3
 Summon Cactus Giant      Summ           26%        N/A       28%         6
 Summon Mana Viper        Hex/Summ       30%        N/A       32%         5
 Airstrike                Air            3%         2d(1-17)  56%         4
 Anguish                  Hex/Necr       3%         N/A       56%         4
 Animate Dead             Necr           7%         N/A       56%         4
 Dispel Undead            Necr           7%         3d8       56%         4
 Flame Wave               Conj/Fire      10%        2d6       56%         4
 Monstrous Menagerie      Summ           26%        N/A       85%         7
 Arcjolt                  Conj/Air       3%         1d13      89%         5
 Plasma Beam              Fire/Air       5%         2x1d11    89%         5
 Death Channel            Necr           3%         N/A       100%        6
 Dispersal                Tloc           3%         N/A       100%        6
 Enfeeble                 Hex            3%         N/A       100%        7
 Haunt                    Necr/Summ      15%        N/A       100%        7
 Orb of Destruction       Conj           3%         9d5       100%        7
 Spellforged Servitor     Conj/Summ      15%        N/A       100%        7
 Infestation              Necr           3%         N/A       100%        8
 Necromutation            Tmut/Necr      22%        N/A       100%        8


Dungeon Overview and Level Annotations

Branches:
Dungeon (15/15)            Temple (1/1) D:5            Lair (5/5) D:10
 Shoals (0/4) Lair:2       Spider (0/4) Lair:3        Slime (0/5) Lair:4
    Orc (0/2) D:11
 Vaults: D:13-14     Depths: D:15

Altars:
Ashenzari
Cheibriados
Dithmenos
Elyvilon
Fedhas
Gozag
Hepliaklqana
Kikubaaqudgha
Makhleb
Nemelex Xobeh
Okawaru
Qazlal
Ru
Sif Muna
Trog
Uskayaw
Vehumet
Wu Jian
Xom
Yredelemnul
Zin
The Shining One
Jiyva

Shops:
D:6 =:   D:11 !   D:12 :   D:14 !

Annotations:
D:10 1 runed translucent door, hackum's ghost, journeyman FoMo
D:11 2 transporters
D:13 5 exclusions


Innate Abilities, Weirdness & Mutations

You are a creature of crystalline ice.
You have a powerful freezing melee attack.
Your maximum health is increased.
Your armour is entirely melded.
You are incapable of wielding weapons or throwing items.
You cannot wear most types of armour.
You are amphibious.
You can wear up to eight rings at the same time.
((Your skin changes colour to match your surroundings (Stealth+).))
((Your rubbery body absorbs attacks. (AC +1, EV +1)))
((You are camouflaged when in or above water. (Stealth+)))
((You have tentacles for arms and can constrict up to eight enemies at once.))


Message History

The large slime creature hits you!
The large slime creature attacks as you move away!
The large slime creature barely misses you.
The slime creature attacks as you move away!
The slime creature hits you but does no damage.
The slime creature attacks as you move away!
The slime creature barely misses you.
The slime creature attacks as you move away!
The slime creature hits you!
A meliai comes into view.
It is wielding a +2 hand axe of freezing.
The meliai moves out of view.
Two slime creatures merge to form a large slime creature.
A meliai comes into view. It is wielding a +0 hand axe.
The meliai mumbles some strange prayers to its god against you.
Something smites you!
You hear an angry buzzing noise.
The meliai mumbles some strange prayers to its god against you.
Something smites you!
As you read the scroll of teleportation, it crumbles to dust.
You feel strangely unstable.
A meliai comes into view. It is wielding a +0 war axe.
The meliai mumbles some strange prayers to its god against you.
Something smites you!
The meliai mumbles some strange prayers to its god against you.
Something smites you!
* * * LOW HITPOINT WARNING * * *
The slime creature hits you but does no damage.
The meliai hits you but does no damage. The meliai closely misses you.
You feel better.
The meliai hits you with a +2 hand axe of freezing.
* * * LOW HITPOINT WARNING * * *
The meliai stings you but does no damage.
The meliai mumbles some strange prayers to its god against you.
Something smites you!
* * * LOW HITPOINT WARNING * * *
The meliai invokes the aid of its god against you.
Something smites you!
* * * LOW HITPOINT WARNING * * *
The meliai hits you with a +2 hand axe of freezing!
You die...

#..# ..#...#..J#...#..#
#...###...#.#...###...#
....#..#..#...#..#..#..#
...#...###.....###...#.#
#....#..#.....#..#..
##...#...#...J.#...#..
#.......#.#..J#.#.....
#......#y..#.#J.?#....
#.........y.yY....... .
##..###..##..##.....##
..#...#............####
..#...††..........##
..#...#...........#
.##.###...##...####
.##.# ########## ....#
....#


You could see 3 slime creatures and 3 meliai.

Vanquished Creatures
  Nessos (Lair:4)
  Josephine (Lair:3)
  6 hydras
  An ice dragon (D:11)
  Erica (Lair:1)
  4 centaur warriors
  8 two-headed ogres
  4 boulder beetles
  4 death yaks (Lair:3)
  Amaemon (Lair:1)
  Sonja (Lair:1)
  2 skysharks
  8 skeletal warriors
  Pikel (D:7)
  2 cyclopes
  18 ugly things
  2 manticores
  An oklob plant (Lair:5)
  12 elephants (Lair:5)
  5 black mambas
  18 cane toads
  A gargoyle (D:12)
  An orange demon (Lair:1)
  An unseen horror (D:10)
  A kobold demonologist (D:12)
  10 komodo dragons
  3 rime drakes
  6 trolls
  2 tyrant leeches (Lair:5)
  6 polar bears
  Prince Ribbit (D:7)
  18 blink frogs
  6 dream sheep (Lair:3)
  A jumping spider (Lair:3)
  A water elemental (D:11)
  14 slime creatures
  2 vampires
  3 wraiths (Lair:3)
  A shadow (D:12)
  A human (D:13)
  3 wyverns (D:9)
  47 yaks
  2 steam dragons
  7 basilisks
  3 redbacks (Lair:3)
  8 vampire mosquitoes
  2 swamp worms (D:9)
  2 acid dragons (D:11)
  9 water moccasins
  A black bear (Lair:4)
  4 ice beasts
  2 orc warriors
  A sky beast (D:8)
  12 wolves
  5 boggarts (D:15)
  17 centaurs
  4 lemures (D:7)
  A phantom (D:5)
  5 kobold brigands
  18 bullfrogs
  4 gnoll sergeants
  2 scorpions
  5 wights (D:7)
  5 killer bees
  5 howler monkeys
  3 electric eels (Lair:5)
  7 jellies
  5 orc priests
  7 hounds
  A sleepcap (D:4)
  2 iguanas
  6 hell rats (Lair:4)
  7 orc wizards
  4 adders
  21 gnolls
  A shadow imp (D:8)
  A white imp (D:6)
  A worm (D:3)
  A dart slug (D:1)
  25 orcs
  5 endoplasms
  2 giant cockroaches
  11 goblins
  5 hobgoblins
  16 kobolds
  6 quokkas
  7 ball pythons
  6 bats
  A frilled lizard (D:2)
  4 rats
509 creatures vanquished.

Vanquished Creatures (collateral kills)
  Rupert (Lair:4)
1 creature vanquished.

Vanquished Creatures (others)
  A tengu warrior (D:13)
  A death yak (Lair:3)
  A skeletal warrior (D:15)
  A polar bear (D:11)
  A yak (Lair:3)
  38 fungi
  163 plants
206 creatures vanquished.

Grand Total: 716 creatures vanquished

Notes
Turn   | Place    | Note
-------+----------+-------------------------------------------
     0 | D:1      | Mesmaeker13 the Octopode Transmuter began the quest for the
                  | Orb.
     0 | D:1      | Reached XP level 1. HP: 13/13 MP: 3/3
   105 | D:1      | Reached XP level 2. HP: 18/18 MP: 3/5
   110 | D:1      | Learned a level 2 spell: Wereblood
   557 | D:1      | Reached XP level 3. HP: 20/24 MP: 6/6
  1204 | D:2      | Reached XP level 4. HP: 29/29 MP: 5/7
  1209 | D:2      | Learned a level 4 spell: Ice Form
  1602 | D:3      | Reached skill level 1 in Ice Magic
  1602 | D:3      | Reached XP level 5. HP: 35/35 MP: 6/8
  1757 | D:3      | Found a blossoming altar of Fedhas.
  1941 | D:4      | Reached skill level 4 in Unarmed Combat
  2853 | D:4      | Reached XP level 6. HP: 27/42 MP: 6/9
  3261 | D:5      | Entered Level 5 of the Dungeon
  3279 | D:5      | Found a shimmering altar of Xom.
  3765 | D:5      | Found a basalt altar of Yredelemnul.
  3830 | D:5      | Found a staircase to the Ecumenical Temple.
  3839 | Temple   | Entered the Ecumenical Temple
  3884 | D:5      | Identified the ring "Waikiki" {rPois rC+ Str-2 SInv}
  3969 | D:6      | Found a bloodstained altar of Trog.
  3983 | D:6      | Reached XP level 7. HP: 39/47 MP: 4/10
  4223 | D:6      | Reached skill level 5 in Unarmed Combat
  4417 | D:6      | Found Ibbigh's Jewellery Emporium.
  4559 | D:6      | Found Ydo Ogol's Book Shoppe.
  4627 | D:5      | Reached skill level 5 in Transmutations
  4627 | D:5      | Reached XP level 8. HP: 32/54 MP: 2/11
  5107 | D:6      | Found a burning altar of Makhleb.
  5326 | D:6      | Learned a level 3 spell: Frozen Ramparts
  5351 | D:6      | Found a stormy altar of Qazlal.
  5365 | D:6      | Reached skill level 5 in Fighting
  5693 | D:7      | Reached skill level 6 in Unarmed Combat
  5868 | D:7      | Noticed Prince Ribbit
  5879 | D:7      | Killed Prince Ribbit
  5880 | D:7      | Reached XP level 9. HP: 61/61 MP: 7/12
  6056 | D:7      | Noticed Pikel
  6063 | D:7      | Killed Pikel
  6064 | D:7      | Reached skill level 5 in Ice Magic
  6122 | D:7      | Found an ancient bone altar of Kikubaaqudgha.
  6220 | D:7      | Found a hazy altar of Hepliaklqana.
  6333 | D:7      | Reached skill level 7 in Unarmed Combat
  6922 | D:8      | Found an opulent altar of Gozag.
  7099 | D:8      | You fall into a shaft and drop 3 floors!
  7156 | D:11     | Noticed a komodo dragon
  7171 | D:11     | Killed a komodo dragon
  7172 | D:11     | Reached XP level 10. HP: 69/69 MP: 8/13
  7187 | D:11     | Found Aqabos's Distillery.
  7219 | D:11     | Noticed a boulder beetle
  7281 | D:11     | Noticed a cyclops
  7293 | D:11     | Killed a cyclops
  7361 | D:10     | Entered Level 10 of the Dungeon
  7388 | D:9      | Reached skill level 8 in Unarmed Combat
  7394 | D:9      | Noticed a two-headed ogre
  7413 | D:10     | Found a shimmering blue altar of Sif Muna.
  7413 | D:10     | Found a glowing silver altar of Zin.
  7432 | D:10     | Noticed a two-headed ogre
  7445 | D:10     | Killed a two-headed ogre
  7523 | D:10     | Noticed an unseen horror
  7531 | D:10     | Killed an unseen horror
  7577 | D:10     | Reached XP level 11. HP: 77/77 MP: 9/14
  7650 | D:9      | Noticed a two-headed ogre
  7655 | D:9      | Noticed a boulder beetle
  7667 | D:10     | Killed a two-headed ogre
  7668 | D:10     | Reached skill level 9 in Unarmed Combat
  7744 | D:9      | Noticed a two-headed ogre
  7751 | D:9      | Killed a two-headed ogre
  8546 | D:9      | Killed a boulder beetle
  8552 | D:9      | Killed a two-headed ogre
  9029 | D:10     | Found a staircase to the Lair.
  9041 | D:10     | Found a runed translucent door.
  9042 | D:10     | Identified the +6 spear of Nigikem {heavy, rF+}
  9044 | D:10     | Noticed hackum's ghost (journeyman FoMo)
  9155 | D:10     | Found an ornate altar of the Wu Jian Council.
  9215 | D:10     | Became a worshipper of the Wu Jian Council
  9747 | D:10     | Identified the +6 morningstar of Severance {drain, Will+
                  | MP+9 Int-2 Dex+2}
  9773 | Lair:1   | Entered Level 1 of the Lair of Beasts
  9797 | Lair:1   | Noticed Amaemon
  9807 | Lair:1   | Killed Amaemon
  9840 | Lair:1   | Reached skill level 10 in Unarmed Combat
 10044 | Lair:1   | Reached XP level 12. HP: 73/86 MP: 8/15
 10150 | Lair:1   | Noticed Sonja
 10167 | Lair:1   | Killed Sonja
 10168 | Lair:1   | Reached skill level 10 in Transmutations
 10390 | Lair:1   | Reached * piety under Wu Jian
 10395 | Lair:1   | Reached skill level 10 in Fighting
 10690 | Lair:1   | Noticed Erica
 10697 | Lair:1   | Killed Erica
 10991 | Lair:2   | Found a staircase to the Shoals.
 10994 | Lair:2   | Reached skill level 10 in Ice Magic
 11338 | Lair:2   | You fall into a shaft and drop 1 floor!
 11343 | Lair:3   | Noticed a skyshark
 11352 | Lair:2   | Killed a skyshark
 11472 | Lair:2   | Reached skill level 11 in Unarmed Combat
 11502 | Lair:2   | Reached ** piety under Wu Jian
 12153 | Lair:3   | Reached XP level 13. HP: 94/94 MP: 12/16
 12233 | Lair:3   | Learned a level 3 spell: Summon Guardian Golem
 12280 | Lair:3   | Reached skill level 1 in Summonings
 12574 | Lair:3   | Found a hole to the Spider Nest.
 12728 | Lair:3   | Noticed Josephine
 12742 | Lair:3   | Killed Josephine
 13066 | Lair:3   | Reached skill level 12 in Unarmed Combat
 13610 | Lair:4   | Noticed Nessos
 13616 | Lair:4   | Killed Nessos
 13833 | Lair:4   | Noticed Rupert
 13850 | Lair:4   | Paralysed by Rupert for 3 turns
 13874 | Lair:4   | Paralysed by Rupert for 4 turns
 13882 | Lair:4   | Killed Rupert
 14021 | Lair:4   | Found a viscous altar of Jiyva.
 14029 | Lair:4   | Found a staircase to the Slime Pits.
 14035 | Lair:4   | Reached *** piety under Wu Jian
 14766 | Lair:5   | Entered Level 5 of the Lair of Beasts
 14847 | Lair:5   | Reached skill level 5 in Summonings
 14889 | Lair:5   | Reached XP level 14. HP: 103/103 MP: 1/17
 15166 | Lair:5   | Reached **** piety under Wu Jian
 15378 | Lair:5   | Found a hazy altar of Hepliaklqana.
 15692 | Lair:5   | Reached skill level 13 in Unarmed Combat
 15989 | Lair:5   | Identified a scroll of acquirement
 15990 | Lair:5   | Acquired the ring "Komuj" {Fire rPois Will+ Str+3}
 16456 | D:11     | Found a transporter.
 16479 | D:11     | Found a transporter.
 16765 | D:11     | Found a staircase to the Orcish Mines.
 16805 | D:11     | Reached ***** piety under Wu Jian
 17443 | D:12     | Reached XP level 15. HP: 110/110 MP: 20/20
 17640 | D:12     | Found Ucwaiwn's Book Emporium.
 17643 | D:12     | Bought a book of Beasts for 570 gold pieces
 17860 | D:13     | Acquired the Compilation of Transmuted Accompaniment
 18603 | D:14     | Identified the +5 kite shield "Emnynuaph" {rElec Dex+2}
 18664 | D:14     | Found Kozionk's Distillery.
 19625 | D:14     | Reached skill level 5 in Spellcasting
 19848 | D:15     | Entered Level 15 of the Dungeon
 19870 | D:15     | Reached skill level 14 in Unarmed Combat
 20115 | D:15     | Reached ****** piety under Wu Jian
 20237 | D:15     | HP: 6/134 [meliai/divine providence (15)]
 20237 | D:15     | Slain by a meliai

Illustrated notes

Levels and vault maps discovered:
D:1:      dpeg_arrival_long_road, layout_loops_ring, minivault_26, minivault_27,
          minmay_indecisive_spiral
D:2:      layout_basic
D:3:      layout_rooms, fedhas_ov_isle_minmay
D:4:      layout_layer_cave, serial_glass, glass_columns_a, glass_columns_b,
          glass_columns_a, glass_columns_b
D:5:      layout_rooms, mainiacjoe_overflow_boulevard, xom_teletrap_fun,
          minmay_temple_entry_hall, kennysheep_generic_room_9
D:6:      layout_cave_pools, amcnicky_altar_gilded, old_standard_altar,
          mainiacjoe_overflow_tiny_flanked, serial_shops, shop_statue,
          serial_gnoll_camp, gnoll_camp_mini_hut, gnoll_camp_mini_hut,
          gnoll_camp_mini_loothouse, gnoll_camp_mini_house,
          gnoll_camp_mini_shop, chequers_serial_rivers_small_3
D:7:      layout_loops_ring, nicolae_kikubaaqudgha_miasma_corner,
          nicolae_hepliaklqana_hippocampus, grunt_decor_resistance,
          uniq_prince_ribbit1, uniq_pikel
D:8:      layout_loops_ring, lemuel_doored_altar, grunt_decor_fettered,
          grunt_ministairs_11
D:9:      layout_cave_pools, worms_lemuel
D:10:     layout_small_grid, lemuel_coloured_pillars_altar,
          mainiacjoe_overflow_large_starburst, hellmonk_lair_entry_icy,
          ebering_ghost_funeral_grove
D:11:     gammafunk_wand_slinger, layout_long_grid, orc_0_dummy, serial_bayou,
          serial_bayou_pond_e, serial_bayou_pond_e, serial_bayou_shore_b,
          serial_bayou_pond_b, serial_shops, shop,
          portal_ice_cave_entry_animals_and_master
D:12:     layout_rooms, serial_shops, kennysheep_mini_moat,
          chequers_serial_rivers_small_3
D:13:     layout_loops_cross, grunt_vaults_entry_fortified
D:14:     layout_stronghold, serial_shops,
          nicolae_shop_competitors_out_of_business,
          minmay_fractal_squares_diagonal_5
D:15:     hangedman_depths_entry_try_elsewhere_first, layout_gridville,
          minmay_splitting_lines, minmay_misc_feat_doors,
          amcnicky_altar_lugonu_corruption, uniq_agnes
Temple:   hellmonk_temple_rainy
Lair:1:   layout_loops_ring, grunt_megastairs_4, serial_bayou_shore_b,
          uniq_sonja, uniq_amaemon, uniq_erica
Lair:2:   layout_loops_ring, minmay_shoals_entry_centaurs, serial_bayou_shore_a,
          grunt_megastairs_3
Lair:3:   layout_regular_city, nicolae_spider_entry_tight_spaces, st_stairs_3,
          uniq_josephine
Lair:4:   layout_layer_cave, nicolae_slime_entry_field_trip,
          infiniplex_staircase_pool_2, uniq_nessos, uniq_rupert
Lair:5:   minmay_lair_end_frog_pond, layout_loops_ring, serial_bayou_pond_c,
          lemuel_oklob_altar

Skill      XL: |  1  2  3  4  5  6  7  8  9 10 11 12 13 14 15 |
---------------+----------------------------------------------+-----
Fighting       | 2 3 4 5 6 8 9 10 12 13 | 13.7
Transmutations | 3 4 5 6 7 8 9 11 12 13 | 13.9
Ice Magic      | 1 2 3 4 6 7 9 10 | 10.6
Unarmed Combat | 4 5 6 7 8 10 11 12 13 14 | 14.0
Summonings     | 5 7 8 |  8.7
Spellcasting   | 3 5 |  5.3
Dodging        | |  2.0

Action                     |  1- 3 |  4- 6 |  7- 9 | 10-12 | 13-15 || total
---------------------------+-------+-------+-------+-------+-------++-------
  Melee: Unarmed           |    70 |   118 |   184 |   364 |   786 ||  1522
         Constrict         |    21 |    32 |     9 |       |     5 ||    67
         Kick              |    18 |    47 |    14 |       |       ||    79
         Punch             |     2 |     5 |     4 |       |     3 ||    14
         Tentacles         |    13 |    33 |     7 |       |     6 ||    59
  Throw: Dart              |     6 |    10 |     2 |       |       ||    18
         Throwing net      |       |       |     1 |       |       ||     1
   Cast: Beastly Appendage |    20 |    28 |     9 |       |       ||    57
         Wereblood         |     2 |    11 |    10 |    16 |    17 ||    56
         Ice Form          |       |     2 |    17 |    39 |    63 ||   121
         Frozen Ramparts   |       |       |     2 |    20 |    58 ||    80
         Summon Guardian G |       |       |       |       |    10 ||    10
Ability: Lunge             |       |       |       |    15 |    38 ||    53
         Whirlwind         |       |       |       |     3 |     2 ||     5
  Evoke: Wand              |       |     2 |     4 |     2 |    17 ||    25
         Tin of tremorston |       |       |       |       |     5 ||     5
    Use: Scroll            |       |     4 |     2 |     9 |    15 ||    30
         Potion            |       |       |     2 |       |     2 ||     4
   Stab: Sleeping          |     2 |     1 |       |       |       ||     3
 Armour: Skin              |    20 |    24 |    70 |    90 |   246 ||   450
  Dodge: Dodged            |    42 |    61 |   128 |   220 |   449 ||   900

Table legend: (Time is in decaauts)
 A = Elapsed time spent in this place.
 B = Non-inter-level travel time spent in this place.
 C = Inter-level travel time spent in this place.
 D = Time resting spent in this place.
 E = Time spent auto-exploring this place.
 F = Levels seen in this place.
 G = Mean time per level.
                   A        B        C        D        E       F      G
               +--------+--------+--------+--------+--------+-----+--------+
         Total |  19987 |  19096 |    891 |   1294 |  12987 |  21 |  951.8 |
       Dungeon |  13534 |  12921 |    613 |    934 |   8669 |  15 |  902.3 |
        Temple |     27 |     14 |     13 |      0 |      9 |   1 |   27.0 |
          Lair |   6425 |   6160 |    265 |    360 |   4309 |   5 | 1285.0 |
               +--------+--------+--------+--------+--------+-----+--------+

Top non-repeatable levels by time:
  Lair:3: 1517 daAuts
    D:14: 1360 daAuts
  Lair:5: 1360 daAuts
  Lair:4: 1282 daAuts
     D:4: 1275 daAuts
  Lair:1: 1209 daAuts
     D:6: 1203 daAuts
    D:10: 1167 daAuts
     D:8: 1094 daAuts
  Lair:2: 1056 daAuts
     D:5: 1035 daAuts
     D:7: 997 daAuts
     D:1: 839 daAuts
    D:11: 818 daAuts
    D:12: 793 daAuts
